[Event "Early-Titled-Tuesday-Blitz-September-05-2023"]
[Site "Chess.com"]
[Date "2023.09.05"]
[Round "5"]
[White "Emp3rador"]
[Black "Doomfist26"]
[Result "0-1"]
[WhiteElo "2464"]
[BlackElo "2615"]
[TimeControl "180+1"]
[EndTime "8:57:02 PDT"]
[Termination "Doomfist26 won on time"]

1. e4 c5 2. Nf3 d6 3. Bb5+ Nd7 4.
d4 cxd4 5. Qxd4 Nf6 6. Nc3 g6 7. Bg5 Bg7 8. Nd5 O-O 9. Bxd7 Nxd5 10. Qxd5 Bxd7 11. c3 Bc6 12. Qd3 d5 13. e5 Qb6 14.
O-O-O Rfe8 15. Rhe1 Rac8 16. Nd4 Ba4 17. Rd2 Qa5 18.
Kb1 Qc7 19. f4 e6 20. Bf6 Bxf6 21. exf6 Qxf4 22. Rf1 Qh6 23. Nf3 e5 24. Qxd5 Bc6 25.
Qd6 e4 26. Ne1 e3 27. Rd4 e2 28. Rff4 Qxh2 29. Kc1 Qg1 30. Kd2 Re6 31. Qa3 Qe3+ 32. Kc2 Rce8 33. Qa5 Qg1 34. Qg5 Qxe1 35. Qh6 Qd1+ 36.
Rxd1 exd1=Q+ 37. Kxd1 Rd8+ 38. Rd4 Rxd4+ 39. cxd4 Rxf6 40.
Qg5 Rd6 41. Qe5 Rd5 42. Qe3 h5 43. Kd2 h4 44. Kc3 Rd8 45. Qe7 Rc8 46. Kd2 Bxg2 47. Qxh4 Bd5 48. b3 Kg7 49. Qg5 Be6 50. Qe5+ Kg8 51.
Ke3 Rd8 52. Kf4 Rd5 53. Qb8+ Kg7 54. Ke3 Ra5 55. a4 Bxb3 56. Qxb7 Bxa4 57. Qc7 Rh5 58. Qxa7 Bc6 59. Qc7 Bd5 60. Kf2 Be6 61. Ke3 Rh3+ 62. Kf2 g5 63. Kg2 Rh4 64. Qe5+ Kg6 65. d5 Bf5 66. Qd6+ f6 67. Qe7 Be4+ 68. Kg3 Bxd5 69. Qe8+ Bf7 70. Qa8 Rd4 71. Qa7 Rd3+ 72. Kf2 Be6 73. Qa6 Bf5 74. Qc4 g4 75. Qg8+ Kh5 76. Qg7 g3+ 77. Kg1 Be4 78. Qh8+ Kg4 79. Qg7+ Kf5 80.
Qh7+ Ke5 81. Qe7+ Kd5 82. Qd7+ Kc4 83. Qe6+ Kd4 84. Qxf6+ Ke3 85. Qg5+ Ke2 86. Qh5+ Bf3 87. Qe8+ Kd2 88. Qe5 Re3 89. Qxg3 Re1+ 90. Kh2 Be4 91.
Qf4+ Kd3 92. Qg3+ Ke2 93. Qf4 Rh1+ 94. Kg3 Rg1+ 95. Kh4 Kd3 96. Qd6+ Ke2 97. Qd5 Bxd5 0-1

[Event "Early-Titled-Tuesday-Blitz-September-05-2023"]
[Site "Chess.com"]
[Date "2023.09.05"]
[Round "5"]
[White "expii"]
[Black "leschebaza"]
[Result "1-0"]
[WhiteElo "2257"]
[BlackElo "2397"]
[TimeControl "180+1"]
[EndTime "8:57:45 PDT"]
[Termination "expii won on time"]

1. e4 e6 2. d4 d5 3. e5 c5 4. c3 Nc6 5. Nf3 Qb6 6. Be2 Nge7 7. Na3 Nf5 8. Nc2 Be7 9. O-O O-O 10. a3 cxd4 11.
cxd4 Bd7 12. Bd3 h6 13. Bxf5 exf5 14. b4 Be6 15. Bb2 a5 16. Bc3 axb4 17. axb4 Rfc8 18. Qd2 Na7 19. Bb2 Nb5 20. Rxa8 Rxa8 21. Ra1 Rxa1+ 22. Bxa1 Qa7 23. Bc3 Qa2 24. h3 Qc4 25. Bb2 Qb3 26.
Bc1 Nc3 27. Qd3 Qb1 28. Qd2 Ne4 29. Qd1 Bxb4 30. Nxb4 Qxb4 31. Be3 g5 32. Qc2 f4 33.
Bd2 Qc4 34. Qb2 b5 35. Qb4 Kg7 36. Be1 h5 37. Qe7 g4 38. Ng5 Qc6 39. Nxe4 dxe4 40.
Qf6+ Kg8 41. Qxf4 gxh3 42. Qg5+ Kf8 43. Qd8+ Qe8 44. Qf6 Qc8 45. Bd2 Ke8 46. gxh3 Qc2 47. Bg5 Qc7 48. h4 Bg4 49. Qh8+ Kd7 50. Qf8 Kc6 51.
Qc5+ Kb7 52. Qxb5+ Kc8 53. Qe8+ Kb7 54. Qb5+ Ka8 55.
Qa6+ Kb8 56. Kh2 Qb7 57. Qd6+ Ka7 58. Be7 Qb3 59. Qc5+ Ka6 60. Qc6+ Ka5 61. Qxe4 Qf3 62. Qxf3 Bxf3 63. Kg3 Bd5 64. Kf4 Kb6 65. Bf6 Kc6 66.
Kg5 Bf3 67. Kf4 Bd1 68. Ke3 Kd5 69. f4 Bg4 70. Bg5 Bf5 71. Be7 Be4 72. Bc5 Bf5 73. Kd2 Ke4 74. Kc3 Kxf4 75. Be7 Be6 76. Kb4 Ke4 77.
Kc5 Bd5 78. Bg5 Be6 79. Kd6 Kxd4 80. Bf6 Ke4 81. Ke7 Kf5 82. Kf8 Kg4 83. Kg7 Kf4 84. Kh6 Kg4 85. Kg7 Bd5 86. Kh6 Bc4 87. Kg7 Bb3 88.
Kh6 Bd1 89. Kg7 Bb3 90. Kh6 Ba2 91. Kg7 Kf5 92. Kf8 Kg6 93. Ke7 Bd5 94. Kf8 Be4 95. Ke7 Bf5 96. Kd6 Be6 97. Kc5 Kf5 98. Kb6 Ke4 99. Kc7 Kd5 100. Kd8 Kc6 101. Ke7 Kc7 102. Kf8 Kd7 103. Kg7 Ke8 104. Kh6 Bg4 105. Kg5 Kd7 106. Kh6 Ke6 107. Kg5 Be2 108. Kf4 Bd1 109. Ke3 Bg4 110. Kd2 Bf5 111. Kc3 Bg6 112. Kb4 Kf5 113. Kc5 Kg4 114. Kb6 Kf5 115. Kc7 Ke6 116. Kc6 Kf5 117. Kd6 Ke4 118. Bg5 Kf5 119. Bf6 Ke4 120. Ke7 Kf5 121. Bg7 Ke4 122. Bf6 Kf5 123. Kf8 Kg4 124. Kg7 Kf5 125. Kh6 Ke6 126. Kg5 Bf5 127. Kxh5 Bg6+ 128. Kg5 Bb1 129. Kh6 Kd7 130. Kg7 Ke8 131. h5 Kd7 132. h6 Ke6 133. h7 Bxh7 134. Kxh7 1-0

[Event "Early-Titled-Tuesday-Blitz-September-05-2023"]
[Site "Chess.com"]
[Date "2023.09.05"]
[Round "5"]
[White "alpltl"]
[Black "ejam94"]
[Result "1/2-1/2"]
[WhiteElo "2362"]
[BlackElo "2539"]
[TimeControl "180+1"]
[EndTime "8:58:03 PDT"]
[Termination "Game drawn by repetition"]

1. c3 e5 2. d4 exd4 3. cxd4 d5 4.
Nf3 Nf6 5. Bg5 h6 6. Bh4 c6 7.
e3 Bd6 8. Bd3 O-O 9. O-O Re8 10.
Qc2 Nbd7 11. Nbd2 Qc7 12. Bg3 Nf8 13. b4 Bxg3 14. hxg3 a6 15. a4 Bg4 16. Ne5 Bd7 17.
b5 axb5 18. axb5 Ng4 19. Nxd7 Nxd7 20. Bh7+ Kh8 21. bxc6 bxc6 22. Bf5 Ngf6 23. Rxa8 Rxa8 24. Rc1 Ra6 25. Nb3 g6 26. Bxd7 Nxd7 27. Nc5 Nxc5 28.
Qxc5 Qd7 29. Qf8+ Kh7 30. Rb1 Qf5 31. Rf1 Ra2 32. Qe8 Rc2 33. g4 Qf6 34. Qd7 Kg7 35.
Qc8 Qg5 36. Qd7 Qf6 37. Qc8 Qd6 38. Ra1 c5 39. dxc5 Rxc5 40. Qa8 Qf6 41. Rf1 d4 42. exd4 Qxd4 43. Qa1 Rc3 44. Rd1 Qf6 45. f3 Qb6+ 46. Kh2 Qc7+ 47. Kh1 Kg8 48. Qa8+ Kh7 49. Qd5 Rc2 50.
Qd7 Rc1 51. Qxc7 Rxc7 52. Kh2 Kg7 53. Kg3 Rc4 54. Rd5 Kf6 55. Ra5 Rb4 56. Rc5 Ke6 57.
Ra5 Kf6 58. Rd5 Rc4 59. Rb5 Ra4 60. Rc5 Ke6 61. Rc8 Ra2 62. Rh8 h5 63. gxh5 gxh5 64. Rxh5 Kf6 65. Rb5 Kg6 66. Rb6+ Kg7 67. f4 Rc2 68. Kf3 Ra2 69. g3 Ra3+ 70. Kg4 Ra5 71.
Rc6 Ra3 72. Rc7 Kg6 73. Rc8 Kf6 74. Rh8 Kg7 75. Rb8 Kf6 76. Rb6+ Kg7 77. Rb5 Rc3 78. Rd5 Ra3 79. Kh4 Kf6 80. Rh5 Rb3 81. Rh6+ Kg7 82.
Ra6 Rc3 83. Kg4 Rb3 84. Rc6 Ra3 85. Rd6 Rb3 86. Ra6 Rc3 87. Ra4 Rb3 88. Rc4 Ra3 89. Rd4 Rb3 90. Re4 Ra3 91. f5 Kf6 92. Rf4 Ra8 93.
Kf3 Ra3+ 94. Kg4 Ra8 95. Kf3 Kg5 96. f6 Ra3+ 97. Kg2 Ra2+ 98. Kh3 Ra6 99. Rf1 Ra8 100.
Rf4 Ra2 101. Rf1 Rb2 102. Rf4 Rc2 103. Rf1 Rd2 104. Rf4 Rd1 105. Rf2 Rd8 106. Rf4 Ra8 107. Rf2 Rb8 108. Rf4 Rb2 109. Rf1 Rc2 110. Rf4 Rc1 111. Rf2 Rc7 112. Rf4 Rd7 113. Rf2 Rd1 114. Rf4 Rd2 115. Rf1 Rd3 116. Rf4 Rc3 117. Kg2 Rc2+ 118. Kf3 Rc3+ 119. Kf2 Rb3 120. Kg2 Rb2+ 121. Kh3 Rb3 122. Rf2 Rb4 123. Rf1 Rc4 124. Rf2 Rc3 125. Rf1 Rc2 126. Rf3 Rc6 127. Rf1 Rd6 128. Rf2 Re6 129. Rf1 Rxf6 130. Rxf6 Kxf6 131. Kg4 Kg6 132. Kf4 Kf6 133. Kg4 Kg6 134. Kf4 Kf6 135. Kg4 1/2-1/2

[Event "Early-Titled-Tuesday-Blitz-September-05-2023"]
[Site "Chess.com"]
[Date "2023.09.05"]
[Round "5"]
[White "Vaibhavraut99"]
[Black "Kirill_Klukin"]
[Result "1/2-1/2"]
[WhiteElo "2576"]
[BlackElo "2792"]
[TimeControl "180+1"]
[EndTime "8:58:32 PDT"]
[Termination "Game drawn by repetition"]

1. e4 c5 2. Nc3 g6 3. g3 Bg7 4.
Bg2 Nc6 5. d3 e6 6. Nge2 Nge7 7. Be3 Nd4 8. O-O O-O 9. Qd2 d5 10. exd5 Nxd5 11. Nxd5 exd5 12. Nxd4 cxd4 13. Bg5 Bf6 14. Bxf6 Qxf6 15. Bxd5 Bh3 16. Rfe1 Rfd8 17. Bg2 Bxg2 18. Kxg2 Rac8 19. Kg1 Rc6 20. Re4 Rdc8 21. Rc1 h5 22. Qh6 Re6 23. Rce1 Rxc2 24. f4 Qf5 25.
Rxe6 fxe6 26. Qg5 Qxg5 27. fxg5 Kf7 28. Rf1+ Kg7 29. Rf6 Re2 30. b4 b5 31. a3 Re3 32. Kg2 Rxd3 33. Rxe6 Rxa3 34. Re7+ Kf8 35. Rd7 d3 36. Kh3 a6 37. Kg2 Rb3 38. Rd6 Kf7 39. Kf2 Rxb4 40. Rxa6 Rd4 41. Rf6+ Kg7 42. Ke1 d2+ 43. Kd1 b4 44. Rb6 Kf7 45. Rf6+ Kg7 46.
Rb6 h4 47. gxh4 Rxh4 48. Kxd2 Rxh2+ 49. Kd3 b3 50. Ke4 b2 51. Ke5 Rf2 52. Ke4 Kf7 53. Ke3 Rh2 54. Ke4 Ke7 55. Kd3 Rg2 56. Ke4 Kd7 57.
Kd3 Kc7 58. Rb4 Kd6 59. Ke3 Ke5 60. Rb5+ Ke6 61. Kf3 Rc2 62. Ke3 Kd6 63. Kd3 Rg2 64. Kc3 Ke6 65. Kd3 Rg3+ 66. Ke4 Rg4+ 67. Kf3 Rxg5 68. Rxb2 Rf5+ 69. Kg3 Kf6 70. Rb6+ Kg5 71. Rb3 Ra5 72. Rc3 Re5 73. Rb3 Kf5 74. Rf3+ Kg5 75.
Ra3 Rf5 76. Ra4 Kh5 77. Rh4+ Kg5 78. Rg4+ Kf6 79. Ra4 Rb5 80. Kf4 Kg7 81. Ra7+ Kh6 82. Ra4 Kh5 83. Kg3 Rb3+ 84. Kg2 g5 85. Rc4 Rb2+ 86.
Kg3 Rb3+ 87. Kg2 g4 88. Rc5+ Kh4 89. Rc2 Re3 90. Ra2 Rg3+ 91. Kh2 Rh3+ 92. Kg2 Rc3 93. Kh2 Rc4 94. Kg2 Kg5 95. Kh2 Kf4 96. Kg2 Rc3 97.
Ra4+ Kg5 98. Ra2 Kh4 99. Rb2 Rh3 100. Ra2 Re3 101. Rb2 Rg3+ 102. Kh2 Rc3 103. Kg2 Kg5 104. Rb5+ Kf4 105. Rb4+ Kf5 106. Rb5+ Kg6 107. Rb2 Ra3 108. Rb5 Kh6 109. Kf2 Rf3+ 110. Kg2 Kg6 111. Rc5 Re3 112. Kf2 Rb3 113. Kg2 Kf6 114. Rc4 Kg5 115. Ra4 Rb2+ 116. Kg3 Rb3+ 117. Kg2 Kh4 118. Ra2 Rh3 119. Rb2 Rg3+ 120. Kh2 Rd3 121. Rc2 Rd4 122. Kg2 Rf4 123. Ra2 g3 124. Rb2 Kg4 125. Rc2 Rd4 126. Ra2 Rc4 127. Rb2 Ra4 128. Rd2 Re4 129. Rc2 Rd4 130. Ra2 Rb4 131. Rd2 Kf4 132. Rc2 Rd4 133. Ra2 Rb4 134. Rc2 Ke3 135. Rc3+ Kf4 136. Rc2 1/2-1/2

[Event "Early-Titled-Tuesday-Blitz-September-05-2023"]
[Site "Chess.com"]
[Date "2023.09.05"]
[Round "6"]
[White "ChessWarrior3"]
[Black "blitzo_vich"]
[Result "0-1"]
[WhiteElo "2433"]
[BlackElo "2621"]
[TimeControl "180+1"]
[EndTime "9:00:51 PDT"]
[Termination "blitzo_vich won by resignation"]

1. e4 c5 2. Nf3 e6 3. Nc3 Qc7 4. a3 Nc6 5. d4 cxd4 6. Nxd4 a6 7.
Be3 b5 8. Qd2 Nf6 9. Nxc6 dxc6 10.
O-O-O b4 11. Bf4 bxc3 12. Qd4 Qxf4+ 0-1

[Event "Early-Titled-Tuesday-Blitz-September-05-2023"]
[Site "Chess.com"]
[Date "2023.09.05"]
[Round "6"]
[White "LileKoridze"]
[Black "dosto07"]
[Result "0-1"]
[WhiteElo "2357"]
[BlackElo "2508"]
[TimeControl "180+1"]
[EndTime "9:00:56 PDT"]
[Termination "dosto07 won by resignation"]

1. d4 d5 2. c4 dxc4 3. e3 Nf6 4.
Bxc4 e6 5. Nf3 a6 6. a4 c5 7.
O-O Nc6 8. Nc3 Be7 9. dxc5 Qc7 10. Qe2 Bxc5 11. b3 O-O 12. Bb2 b6 13. Rac1 Bb7 14. e4 Ng4 15. h3 Nd4 16. hxg4 Nxe2+ 17. Nxe2 Bxe4 0-1

[Event "Early-Titled-Tuesday-Blitz-September-05-2023"]
[Site "Chess.com"]
[Date "2023.09.05"]
[Round "6"]
[White "GMWSO"]
[Black "nrvignesh"]
[Result "1-0"]
[WhiteElo "3068"]
[BlackElo "2826"]
[TimeControl "180+1"]
[EndTime "9:01:12 PDT"]
[Termination "GMWSO won by resignation"]

1. b3 Nf6 2. Bb2 g6 3. c4 Bg7 4.
g3 O-O 5. Bg2 c5 6. Nf3 Nc6 7.
O-O d6 8. d4 Ne4 9. e3 Bg4 10.
Qc1 cxd4 11. Nxd4 Nxd4 12. exd4 Ng5 13. Qxg5 1-0

[Event "Early-Titled-Tuesday-Blitz-September-05-2023"]
[Site "Chess.com"]
[Date "2023.09.05"]
[Round "6"]
[White "Qvalda"]
[Black "TERMINATOR_PC"]
[Result "1-0"]
[WhiteElo "2382"]
[BlackElo "2506"]
[TimeControl "180+1"]
[EndTime "9:01:20 PDT"]
[Termination "Qvalda won by resignation"]

1. d4 Nf6 2. Nf3 e6 3. g3 b5 4. e3 a6 5. a4 b4 6. c4 Bb7 7.
Bg2 a5 8. O-O Be7 9. b3 O-O 10.
Bb2 d6 11. Nbd2 Nbd7 12. Qc2 c5 13. e4 cxd4 14. Nxd4 Nc5 15. Rae1 Qb6 16. Nb5 Rac8 17. Rd1 Rfd8 18. Rfe1 Qa6 19. Bd4 Qa8 20. f3 d5 21.
exd5 1-0

[Event "Early-Titled-Tuesday-Blitz-September-05-2023"]
[Site "Chess.com"]
[Date "2023.09.05"]
[Round "6"]
[White "isla88"]
[Black "KatakuriDono"]
[Result "1-0"]
[WhiteElo "2488"]
[BlackElo "2323"]
[TimeControl "180+1"]
[EndTime "9:01:35 PDT"]
[Termination "isla88 won by resignation"]

1. d4 d5 2. Nf3 Nf6 3. Bf4 c5 4. e3 Nc6 5. Nbd2 e6 6. c3 cxd4 7. exd4 Nh5 8. Be3 Bd6 9. g3 O-O 10. Bg2 f5 11. Ne5 g6 12. f4 Nf6 13. O-O Bxe5 14. dxe5 Ne4 15. Nxe4 fxe4 16. Bd4 b6 17. Qg4 Ba6 18. Qxe6+ Kh8 19. Qxc6 Bxf1 20. e6+ Kg8 21. Rxf1 1-0

[Event "Early-Titled-Tuesday-Blitz-September-05-2023"]
[Site "Chess.com"]
[Date "2023.09.05"]
[Round "6"]
[White "merinasian"]
[Black "Brave_spirit12"]
[Result "0-1"]
[WhiteElo "2432"]
[BlackElo "2794"]
[TimeControl "180+1"]
[EndTime "9:01:40 PDT"]
[Termination "Brave_spirit12 won by resignation"]

1. d4 Nf6 2. Nf3 e6 3. g3 d5 4. Bg2 Be7 5. O-O O-O 6. c4 c6 7. Qc2 b6 8. Nbd2 Bb7 9. e4 Na6 10. cxd5 cxd5 11. e5 Nd7 12. a3 Rc8 13. Qd1 Ndb8 14.
Nb1 Nc6 15. Nc3 Na5 16. h4 Qd7 17. h5 h6 18. Qe2 Nc7 19. Re1 Ba6 20. Qe3 Nb5 21.
Nxb5 Qxb5 22. Qf4 Nb3 23. Be3 Nxa1 24. Rxa1 Qxb2 25. Rf1 Bxf1 26. Bxf1 Qb1 27. Qg4 Qf5 0-1

[Event "Early-Titled-Tuesday-Blitz-September-05-2023"]
[Site "Chess.com"]
[Date "2023.09.05"]
[Round "6"]
[White "Sulthankan"]
[Black "Mikedannnn"]
[Result "0-1"]
[WhiteElo "2404"]
[BlackElo "2611"]
[TimeControl "180+1"]
[EndTime "9:01:47 PDT"]
[Termination "Mikedannnn won by resignation"]

1. d4 c5 2. d5 g6 3. c4 Bg7 4. e4 d6 5. Bd3 e6 6. h3 Ne7 7.
Nf3 O-O 8. O-O h6 9. Qc2 g5 10. Nc3 Ng6 11. Bd2 Nd7 12. dxe6 fxe6 13. Rad1 Rxf3 14.
gxf3 Nde5 15. Be2 Qf8 16. Kg2 Nh4+ 17. Kg1 Nexf3+ 18. Bxf3 Qxf3 0-1

[Event "Early-Titled-Tuesday-Blitz-September-05-2023"]
[Site "Chess.com"]
[Date "2023.09.05"]
[Round "6"]
[White "assezde36"]
[Black "kirillshevchenko"]
[Result "1-0"]
[WhiteElo "2792"]
[BlackElo "2959"]
[TimeControl "180+1"]
[EndTime "9:02:24 PDT"]
[Termination "assezde36 won by resignation"]

1. c4 b6 2. Nf3 Bb7 3. g3 Bxf3 4.
exf3 c5 5. d4 cxd4 6. Qxd4 Nc6 7.
Qd2 g6 8. f4 Bg7 9. Bg2 Rc8 10.
Nc3 Nh6 11. O-O O-O 12. Rd1 Qc7 13. b3 Rfd8 14. Bb2 Qb8 15. Nd5 Bxb2 16. Qxb2 Nf5 17. Rd2 a5 18. Re1 Re8 19. Bh3 Ng7 20. Bxd7 1-0

[Event "Early-Titled-Tuesday-Blitz-September-05-2023"]
[Site "Chess.com"]
[Date "2023.09.05"]
[Round "6"]
[White "TioCridineno"]
[Black "Langua_Chess"]
[Result "0-1"]
[WhiteElo "2345"]
[BlackElo "2489"]
[TimeControl "180+1"]
[EndTime "9:02:24 PDT"]
[Termination "Langua_Chess won by resignation"]

1. e4 c6 2. d4 d5 3. e5 c5 4. dxc5 e6 5. Qg4 a6 6. Nf3 Nd7 7. b4 b6 8. c6 Nb8 9. b5 axb5 10. Bxb5 Qc7 11. O-O Nxc6 12. Bf4 Bd7 13. a4 Nge7 14. Nbd2 Ng6 15. Bg3 h5 16. Qg5 Be7 17. Qe3 h4 18.
Bf4 Bc5 19. Nd4 Bxd4 20. Bxc6 Bxe3 21. Bxd7+ Qxd7 22. fxe3 Rxa4 23. Rab1 Nxf4 24. exf4 Qc7 0-1

[Event "Early-Titled-Tuesday-Blitz-September-05-2023"]
[Site "Chess.com"]
[Date "2023.09.05"]
[Round "6"]
[White "ozates"]
[Black "NovikovaGalina"]
[Result "1-0"]
[WhiteElo "2571"]
[BlackElo "2412"]
[TimeControl "180+1"]
[EndTime "9:02:31 PDT"]
[Termination "ozates won by checkmate"]

1. e4 e5 2. Nf3 Nc6 3. Bb5 Nge7 4.
Nc3 a6 5. Bc4 Ng6 6. a4 Bc5 7.
d3 O-O 8. h4 h6 9. Ng5 Nd4 10. Qh5 Qf6 11. Nd5 Nxc2+ 12. Kd1 Qxf2 13. Qxg6 fxg6 14. Ne7+ Kh8 15. Nxg6# 1-0

[Event "Early-Titled-Tuesday-Blitz-September-05-2023"]
[Site "Chess.com"]
[Date "2023.09.05"]
[Round "6"]
[White "wannabe2700"]
[Black "Chernov_Mikhail"]
[Result "1-0"]
[WhiteElo "2625"]
[BlackElo "2410"]
[TimeControl "180+1"]
[EndTime "9:02:31 PDT"]
[Termination "wannabe2700 won by resignation"]

1. b3 g6 2. Bb2 Nf6 3. Nf3 Bg7 4. g3 d5 5. c4 c6 6. Bg2 O-O 7. O-O b6 8. d4 Bb7 9. Nbd2 Nbd7 10. Qc2 c5 11.
dxc5 Nxc5 12. Rad1 Rc8 13. Qb1 Qe8 14. Qa1 Ncd7 15.
Ne5 dxc4 16. Bxb7 1-0

[Event "Early-Titled-Tuesday-Blitz-September-05-2023"]
[Site "Chess.com"]
[Date "2023.09.05"]
[Round "6"]
[White "ArtemDyachuk"]
[Black "Cheer_Down"]
[Result "1-0"]
[WhiteElo "2575"]
[BlackElo "2436"]
[TimeControl "180+1"]
[EndTime "9:02:34 PDT"]
[Termination "ArtemDyachuk won by resignation"]

1. d4 Nf6 2. c4 g6 3. Nc3 d5 4. cxd5 Nxd5 5. e4 Nxc3 6. bxc3 Bg7 7. Bb5+ c6 8. Ba4 O-O 9. Nf3 Qa5 10. Bd2 Bg4 11.
Bb3 Nd7 12. h3 Bxf3 13. Qxf3 c5 14. e5 cxd4 15. cxd4 Qa6 16. h4 Rad8 17. h5 Bxe5 18. hxg6 hxg6 19. Qh3 1-0

[Event "Early-Titled-Tuesday-Blitz-September-05-2023"]
[Site "Chess.com"]
[Date "2023.09.05"]
[Round "6"]
[White "Zhani-Z"]
[Black "miraitrunks"]
[Result "0-1"]
[WhiteElo "2260"]
[BlackElo "2029"]
[TimeControl "180+1"]
[EndTime "9:02:48 PDT"]
[Termination "miraitrunks won by resignation"]

1. g3 Nf6 2. Bg2 e6 3. d4 d5 4. c4 dxc4 5. Nc3 Nc6 6. Bxc6+ bxc6 7. Nf3 c5 8. dxc5 Qxd1+ 9. Kxd1 Bxc5 10. Bf4 Bb7 11.
Bxc7 Bxf2 12. Kc2 O-O 13. Rad1 Rac8 14. Be5 Ng4 15. Bf4 Be3 16. Rd7 Bc6 17. Re7 Bc5 0-1

[Event "Early-Titled-Tuesday-Blitz-September-05-2023"]
[Site "Chess.com"]
[Date "2023.09.05"]
[Round "6"]
[White "Willychess95"]
[Black "aghasiyevkamal"]
[Result "1-0"]
[WhiteElo "2704"]
[BlackElo "2531"]
[TimeControl "180+1"]
[EndTime "9:02:49 PDT"]
[Termination "Willychess95 won by resignation"]

1. e4 e5 2. Nf3 Nc6 3. Bc4 Bc5 4. c3 Nf6 5. d4 exd4 6. b4 Bb6 7. e5 d5 8. exf6 dxc4 9. Qe2+ Be6 10. b5 Nb8 11. fxg7 Rg8 12. cxd4 Rxg7 13. O-O c6 14. Bb2 Rg8 15.
Nc3 Qd6 16. Ne4 Qf4 17. d5 cxd5 18. Nf6+ Kf8 19. Ba3+ 1-0

[Event "Early-Titled-Tuesday-Blitz-September-05-2023"]
[Site "Chess.com"]
[Date "2023.09.05"]
[Round "6"]
[White "pouya21"]
[Black "lacafi"]
[Result "1-0"]
[WhiteElo "2807"]
[BlackElo "2225"]
[TimeControl "180+1"]
[EndTime "9:02:49 PDT"]
[Termination "pouya21 won by resignation"]

1. e4 c6 2. d4 d5 3. exd5 cxd5 4.
Bd3 Nf6 5. c3 Nc6 6. h3 e6 7.
Bf4 Be7 8. Nf3 O-O 9. O-O a6 10.
Nbd2 b5 11. b4 Bd6 12. Bxd6 Qxd6 13. Re1 Nd7 14. a4 bxa4 15. Qxa4 Bb7 16. Qc2 h6 17. Nb3 e5 18. Nc5 Bc8 19. Nxd7 Bxd7 20. dxe5 Qc7 21. Qd2 a5 22. b5 Na7 23. Nd4 Rfe8 24. f4 Qc5 25. Rxa5 Rec8 26. Rea1 1-0

[Event "Early-Titled-Tuesday-Blitz-September-05-2023"]
[Site "Chess.com"]
[Date "2023.09.05"]
[Round "6"]
[White "brm72"]
[Black "ActorXu"]
[Result "0-1"]
[WhiteElo "2553"]
[BlackElo "2725"]
[TimeControl "180+1"]
[EndTime "9:02:58 PDT"]
[Termination "ActorXu won by resignation"]

1. d4 Nf6 2. c4 e6 3. g3 d5 4. Nf3 Be7 5. Bg2 O-O 6. O-O dxc4 7. Qc2 a6 8. a4 Bd7 9. Rd1 Bc6 10. Nc3 Bxf3 11. Bxf3 Nc6 12. Bxc6 bxc6 13. a5 Rb8 14. Ra4 Rb4 15. Na2 Rxa4 16. Qxa4 Qd5 17. Nc3 Qh5 18. f3 c5 19. Qxc4 cxd4 20. Na4 Qxa5 21. Bf4 e5 22.
Bg5 Qb5 23. Rc1 Qxc4 24. Rxc4 Bd6 25. Bxf6 gxf6 26. Rc6 Ra8 27. Kg2 Kf8 28. Kh3 Ke7 29. Kg4 Ke6 30. h4 f5+ 31. Kh3 Kd5 32. Rc2 Rb8 33.
g4 f4 34. g5 Rb4 35. b3 Rxb3 36. Kg4 Ra3 37. Nb2 Ra2 38. Kf5 Ba3 0-1

[Event "Early-Titled-Tuesday-Blitz-September-05-2023"]
[Site "Chess.com"]
[Date "2023.09.05"]
[Round "6"]
[White "stasOR4ik"]
[Black "wild3000"]
[Result "0-1"]
[WhiteElo "2459"]
[BlackElo "2313"]
[TimeControl "180+1"]
[EndTime "9:03:00 PDT"]
[Termination "wild3000 won by resignation"]

1. e4 c5 2. Nc3 e6 3. f4 d5 4. exd5 exd5 5. Nf3 Nf6 6. g3 d4 7. Ne2 h5 8. Bg2 h4 9. Nxh4 Rxh4 10. gxh4 Bd6 11. d3 Bg4 12. O-O Nc6 13. Qe1 Kf8 14. Ng3 Nb4 15. Rf2 Qd7 16. Ne4 Re8 17. a3 Nbd5 18.
Bd2 Nh5 19. Qf1 Ne3 20. Qc1 Bxf4 21. Rxf4 Nxf4 22. Bxe3 Ne2+ 23. Kh1 Nxc1 24. Bxc1 f5 25. Bf4 fxe4 26. Bxe4 Rxe4 27. dxe4 Bf3+ 28. Kg1 Qh3 0-1

[Event "Early-Titled-Tuesday-Blitz-September-05-2023"]
[Site "Chess.com"]
[Date "2023.09.05"]
[Round "6"]
[White "DawidCzerw"]
[Black "TregubovP"]
[Result "0-1"]
[WhiteElo "2511"]
[BlackElo "2636"]
[TimeControl "180+1"]
[EndTime "9:03:25 PDT"]
[Termination "TregubovP won by checkmate"]

1. e4 c5 2. Nf3 e6 3. d4 cxd4 4. Nxd4 Nc6 5. Nc3 Nf6 6. Nxc6 bxc6 7. e5 Nd5 8. Ne4 Bb7 9. Be2 c5 10. O-O Qc7 11. Nd6+ Bxd6 12. exd6 Qc6 13. Bf3 c4 14. Qd4 O-O 15. b3 Rfc8 16. Bb2 c3 17. Bxd5 Qxd5 18. Qxd5 Bxd5 19. Bc1 Be4 20. Be3 Bxc2 21. Rfc1 Bf5 22. b4 a6 23. Bc5 c2 24. f3 h5 25.
a3 a5 26. Kf2 f6 27. Ke3 e5 28. Kd2 Kf7 29. Kc3 Ke6 30. Kc4 Ra6 31. Kb5 Bd3+ 32.
Ka4 axb4+ 33. Kxb4 Rac6 34. Bf2 Rb8+ 35. Ka5 Ra6# 0-1

[Event "Early-Titled-Tuesday-Blitz-September-05-2023"]
[Site "Chess.com"]
[Date "2023.09.05"]
[Round "6"]
[White "Mr_Lion22"]
[Black "SAInt_666"]
[Result "0-1"]
[WhiteElo "2424"]
[BlackElo "2695"]
[TimeControl "180+1"]
[EndTime "9:03:29 PDT"]
[Termination "SAInt_666 won on time"]

1. d4 Nf6 2. c4 e6 3. Nc3 Bb4 4. f3 d5 5. a3 Be7 6. e4 dxe4 7.
fxe4 c5 8. d5 exd5 9. exd5 O-O 10.
Bd3 Re8 11. Nge2 Bg4 12. O-O Nbd7 13. h3 Bh5 14. Bf4 a6 15. Qc2 Nf8 16. Ng3 Bg6 17.
Rae1 Bd6 18. Bxd6 Qxd6 19. Bxg6 Rxe1 20. Rxe1 Qxg3 21. Bxf7+ Kxf7 22. Rf1 Kg8 23. Qb3 Qc7 24. Na4 Re8 0-1

[Event "Early-Titled-Tuesday-Blitz-September-05-2023"]
[Site "Chess.com"]
[Date "2023.09.05"]
[Round "6"]
[White "subham777"]
[Black "Vanina1989"]
[Result "0-1"]
[WhiteElo "2548"]
[BlackElo "2723"]
[TimeControl "180+1"]
[EndTime "9:03:30 PDT"]
[Termination "Vanina1989 won by resignation"]

1. e4 c6 2. c4 d5 3. cxd5 cxd5 4. exd5 Nf6 5. Nc3 g6 6. Nf3 Bg7 7. Bc4 O-O 8. O-O a6 9. d4 b5 10. Bb3 Bb7 11. Re1 Nxd5 12. Nxd5 Bxd5 13. Bxd5 Qxd5 14. Rxe7 Nc6 15. Re1 Nxd4 16. Nxd4 Qxd4 17. Qxd4 Bxd4 18. a4 Rfc8 19. axb5 axb5 20. Rxa8 Rxa8 21. g4 Ra1 22. Kf1 Rb1 23. b3 Bc3 24. Rd1 Bb2 25. Bxb2 Rxd1+ 26. Ke2 Rb1 27. Be5 Rxb3 28. h4 Kf8 29. f4 Ke7 30.
Kd2 Ke6 31. Kc2 Rh3 0-1

[Event "Early-Titled-Tuesday-Blitz-September-05-2023"]
[Site "Chess.com"]
[Date "2023.09.05"]
[Round "6"]
[White "fmAguilar1"]
[Black "UB_TheQueen"]
[Result "1-0"]
[WhiteElo "2341"]
[BlackElo "2076"]
[TimeControl "180+1"]
[EndTime "9:03:47 PDT"]
[Termination "fmAguilar1 won by resignation"]

1. e4 c5 2. Nf3 d6 3. d4 cxd4 4. Nxd4 Nf6 5. f3 g6 6. c4 Bg7 7. Nc3 O-O 8. Be3 Nc6 9. Qd2 Nd7 10. Nc2 a6 11. Be2 Nc5 12. O-O Ne5 13. Rab1 Bd7 14. b3 Rc8 15. Rfd1 Be6 16. h3 Qa5 17. b4 Nxc4 18. Bxc4 Bxc3 19. Qxc3 Na4 20. Qa3 Qc7 21. Bxe6 fxe6 22. Qxa4 Qxc2 23. Qxc2 Rxc2 24. a4 Kf7 25. Rdc1 Ra2 26. a5 d5 27. exd5 exd5 28. Bb6 Rd8 29.
Bxd8 1-0

[Event "Early-Titled-Tuesday-Blitz-September-05-2023"]
[Site "Chess.com"]
[Date "2023.09.05"]
[Round "6"]
[White "MarcoRiehle"]
[Black "Rosh1610"]
[Result "1-0"]
[WhiteElo "2803"]
[BlackElo "2467"]
[TimeControl "180+1"]
[EndTime "9:03:51 PDT"]
[Termination "MarcoRiehle won by checkmate"]

1. e4 c5 2. a3 e5 3. Nc3 Nf6 4. Bc4 Nc6 5. d3 h6 6. f4 d6 7. Nf3 Be7 8. O-O Bg4 9. h3 Be6 10. Nd5 Qd7 11. c3 O-O-O 12. b4 cxb4 13. axb4 exf4 14.
b5 Nb8 15. Rxa7 Bxd5 16. exd5 g5 17. Nd4 Qc7 18. Kh1 h5 19. Nc6 g4 20. Bxf4 gxh3 21. gxh3 Qd7 22. Qf3 Rhg8 23. Ra8 bxc6 24. dxc6 Qc7 25.
Bxf7 Qb6 26. c4 Ng4 27. hxg4 hxg4 28. Qe3 Rh8+ 29. Kg2 Qxe3 30. Bxe3 g3 31. Be6+ Kc7 32. Ra7# 1-0